 Dungeon Crawl Stone Soup version 0.31.0-9-g3a7656b989 (webtiles) character file.

Game seed: 9726926550021075679

9 Colgate the Shooter (level 2, 22/22 HPs)
             Began as a Demonspawn Hunter on Feb 6, 2024.
             Quit the game on level 1 of the Dungeon.
             The game lasted 00:00:10 (170 turns).

Colgate the Shooter (Demonspawn Hunter)              Turns: 170, Time: 00:00:10

Health: 22/22      AC:  3    Str: 11    XL:     2   Next: 3%
Magic:  2/2        EV: 13    Int:  9    God:
Gold:   11         SH:  0    Dex: 16    Spells: 1/1 levels left

rFire   . . .        a - +0 shortbow
rCold   . . .        (shield currently unavailable)
rNeg    . . .        c - +0 leather armour
rPois   .            (no helmet)
rElec   .            (no cloak)
rCorr   .            (no gloves)
SInv    .            (no boots)
Will    .....        (no amulet)
Stlth   +            (no ring)
HPRegen 0.23/turn    (no ring)
MPRegen 0.08/turn

%: no passive effects
@: no status effects
A: repulsion field 1
a: no special abilities


You were on level 1 of the Dungeon.
You visited 1 branch of the dungeon, and saw 1 of its levels.

You collected 11 gold pieces.

Inventory:

Hand Weapons
 a - a +0 shortbow (weapon)
Armour
 c - a +0 leather armour (worn)
Scrolls
 b - a scroll of butterflies
Potions
 d - a potion of curing {unknown}


   Skills:
 - Level 2.0 Fighting
 + Level 4.1 Ranged Weapons
 - Level 1.7 Dodging
 - Level 0.8 Stealth


You had one spell level left.
You didn't know any spells.
Your spell library was empty.

Dungeon Overview and Level Annotations

Branches:
Dungeon (1/15)

Altars:


Innate Abilities, Weirdness & Mutations

You are surrounded by a mild repulsion field. (EV +2)


Message History

The frilled lizard hisses angrily.
You shoot an arrow. The arrow hits the frilled lizard.
You kill the frilled lizard!
Key pressed, stopping explore.
No target in view!
d - a puce potion No target in view!
You now have 11 gold pieces.
Things that are here:
a +0 club; 4 stones A giant cockroach comes into view.
You shoot an arrow.
The arrow hits the giant cockroach but does no damage.
The giant cockroach barely misses you.
A giant cockroach is nearby!
You shoot an arrow. The arrow hits the giant cockroach.
The giant cockroach bites you.
A giant cockroach is nearby!
You shoot an arrow.
The arrow closely misses the giant cockroach.
The giant cockroach barely misses you. The giant cockroach bites you.
A giant cockroach is nearby!
You shoot an arrow. The arrow hits the giant cockroach.
You kill the giant cockroach!
Your Ranged Weapons skill increases to level 4!
Key pressed, stopping explore.
No target in view!
Key pressed, stopping explore.
No target in view!
Key pressed, stopping explore.
No target in view!
HP restored.
You see here a giant cockroach corpse. 2 jackals come into view.
You shoot an arrow. The arrow hits the jackal!
You kill the jackal!
You have reached level 2!
Your demonic ancestry asserts itself...
You begin to radiate repulsive energy.
Are you sure you want to abandon this character and quit the game? (Confirm with "yes".)

#.# ##...##..
..#
###.###......
###
#.......#....
#..#.........
#...........
#.##.##....
#.##.##.#..
#.†.....# .
#....@..#
#.#####......
#.# ..... #.#
.... #.# ...
#.# †h #.. #


You could see a jackal (asleep).

Vanquished Creatures
  A giant cockroach (D:1)
  A goblin (D:1)
  A hobgoblin (D:1)
  A jackal (D:1)
  A kobold (D:1)
  A quokka (D:1)
  A frilled lizard (D:1)
7 creatures vanquished.

Notes
Turn   | Place    | Note
-------+----------+-------------------------------------------
     0 | D:1      | Colgate the Demonspawn Hunter began the quest for the Orb.
     0 | D:1      | Reached XP level 1. HP: 16/16 MP: 1/1
   160 | D:1      | Reached skill level 4 in Ranged Weapons
   170 | D:1      | Gained mutation: You are surrounded by a mild repulsion
                  | field. (EV +2) [demonic ancestry]
   170 | D:1      | Reached XP level 2. HP: 22/22 MP: 2/2
   170 | D:1      | Quit the game

Illustrated notes

Levels and vault maps discovered:
D:1:      ncdulo_lavacross, layout_loops_cross, serial_shops, shop, hex_medium

Skill      XL: |  1 |
---------------+----+-----
Ranged Weapons | 4 |  4.1
Fighting       | |  2.0
Dodging        | |  1.7
Stealth        | |  0.8

Action                     || total
---------------------------++-------
   Fire: Shortbow          ||    19
 Armour: Leather armour    ||     3
  Dodge: Dodged            ||     3
